 Dungeon Crawl Stone Soup version 0.30-a0-778-g2ef04afb54 (webtiles) character file.

Game seed: 7188385966459717563

49 Oxelix the Sneak (level 3, 0/18 HPs)
             Began as a Spriggan Brigand on Feb 16, 2023.
             Slain by a goblin
             ... wielding a +0 dagger
             ... led by Robin
              (4 damage)
             ... on level 2 of the Dungeon.
             The game lasted 00:02:24 (1045 turns).

Oxelix the Sneak (Spriggan Brigand)                 Turns: 1045, Time: 00:02:24

Health: 0/18       AC:  3    Str:  7    XL:     3   Next: 53%
Magic:  4/4        EV: 16    Int: 12    God:
Gold:   5          SH:  0    Dex: 18    Spells: 2/2 levels left

rFire   . . .      SeeInvis +    i - +0 short sword (elec)
rCold   . . .      Faith    .    (no shield)
rNeg    . . .      Spirit   .    b - +0 robe
rPois   .          Reflect  .    (helmet restricted)
rElec   .          Harm     .    c - +0 cloak
rCorr   .          Rampage  .    (gloves unavailable)
Will    .....                    (boots unavailable)
Stlth   ++++                     (no amulet)
HPRegen 0.23/turn                (no ring)
MPRegen 0.09/turn                (no ring)

@: very quick
A: very small, no large weapons, unfitting armour, see invisible, speed 3
a: no special abilities


You were on level 2 of the Dungeon.
You visited 1 branch of the dungeon, and saw 2 of its levels.

You collected 5 gold pieces.

Inventory:

Hand Weapons
 i - a +0 short sword of electrocution (weapon)
Missiles
 d - 6 poisoned darts (quivered)
 e - 3 curare-tipped darts
Armour
 b - a +0 robe (worn)
 c - a +0 cloak (worn)
Scrolls
 f - 3 scrolls of identify {unknown}
 g - a scroll of immolation {unknown}
 h - a scroll of blinking {unknown}
 k - a scroll of silence {unknown}
 m - a scroll of enchant weapon {unknown}
Potions
 a - 2 potions of lignification {unknown}
 j - a potion of mutation {unknown}
 l - 2 potions of degeneration {unknown}


   Skills:
 - Level 1.5 Fighting
 + Level 3.0 Short Blades
 + Level 2.2 Throwing
 - Level 1.3 Dodging
 * Level 7.2 Stealth


You had 2 spell levels left.
You didn't know any spells.
Your spell library was empty.

Dungeon Overview and Level Annotations

Branches:
Dungeon (2/15)

Altars:

Shops:
D:1 :


Innate Abilities, Weirdness & Mutations

You are very small and have problems with some larger weapons.
You are too small for most types of armour.
You have supernaturally acute eyesight. (SInv)
You cover ground extremely quickly. (Speed+++)


Message History

The poisoned dart barely misses the adder.
The goblin shoots a sling bullet.
The sling bullet hits you.
The goblin shouts!
Robin barely misses you.
You hit Robin.
Robin is moderately wounded.
Robin throws the goblin at you!
The goblin unwields a +0 sling.
The goblin wields a +0 dagger.
The goblin barely misses you.
You hit Robin. Lightning courses through Robin!
You kill Robin!
The adder barely misses you.
Your Short Blades skill increases to level 3!
The adder closely misses you.
Things that are here:
a +1 mace of draining; a +0 animal skin; a +0 helmet You barely miss the adder.
The adder bites you. The goblin closely misses you.
You miss the adder. The adder misses you. The goblin barely misses you. x2
You hit the adder.
The adder is moderately wounded.
The adder closely misses you. The goblin completely misses you.
You barely miss the adder.
The adder is moderately wounded.
The goblin closely misses you. The adder misses you.
The goblin closely misses you.
You closely miss the adder.
The adder is moderately wounded.
The adder bites you. The goblin misses you.
You hit the adder.
The adder is severely wounded.
The adder closely misses you. The goblin hits you with a +0 club.
The goblin closely misses you.
You closely miss the adder.
The adder is severely wounded.
The adder closely misses you.
The goblin hits you but does no damage. x2
You closely miss the adder.
The adder is severely wounded.
The adder misses you. The goblin hits you with a +0 club.
* * * LOW HITPOINT WARNING * * *
The goblin hits you with a +0 dagger.
You die...

#......#
#<รท....#..
#.)......#
#......#..
#..(>..#
###....# .
#(...# ..
#g...#.#
#@S....#
#g....#..
#....##
#<...#
#........
#....####
#....#
######


You could see an adder and 2 goblins.

Vanquished Creatures
  Robin (D:2)
  2 giant cockroaches (D:1)
  8 goblins
  8 hobgoblins
  2 jackals (D:1)
  A quokka (D:1)
  3 ball pythons (D:1)
  2 bats (D:1)
  3 frilled lizards (D:1)
  4 kobolds (D:1)
  4 rats (D:1)
38 creatures vanquished.

Notes
Turn   | Place    | Note
-------+----------+-------------------------------------------
     0 | D:1      | Oxelix the Spriggan Brigand began the quest for the Orb.
     0 | D:1      | Reached XP level 1. HP: 10/10 MP: 2/2
    84 | D:1      | Reached skill level 6 in Stealth
   141 | D:1      | Reached XP level 2. HP: 14/14 MP: 3/3
   479 | D:1      | Found Lecsy's Book Shoppe.
   571 | D:2      | Noticed Robin
   604 | D:1      | Reached skill level 7 in Stealth
   604 | D:1      | Reached XP level 3. HP: 10/18 MP: 4/4
  1036 | D:2      | Killed Robin
  1045 | D:2      | Slain by a goblin

Illustrated notes

Levels and vault maps discovered:
D:1:      dpeg_arrival_stone_temple_mockup, layout_basic, serial_shops, shop
D:2:      layout_rooms, uniq_robin

Skill      XL: |  1  2  3 |
---------------+----------+-----
Stealth        | 6 7 |  7.2
Short Blades   | 3 |  3.0
Fighting       | |  1.5
Throwing       | |  2.2
Dodging        | |  1.3

Action                     || total
---------------------------++-------
  Melee: Dagger            ||    27
         Punch             ||     1
         Short sword       ||    73
  Throw: Dart              ||    16
   Stab: Sleeping          ||     7
 Armour: Robe              ||    20
  Dodge: Dodged            ||    93

Table legend: (Time is in decaauts)
 A = Elapsed time spent in this place.
 B = Non-inter-level travel time spent in this place.
 C = Inter-level travel time spent in this place.
 D = Time resting spent in this place.
 E = Time spent auto-exploring this place.
 F = Levels seen in this place.
 G = Mean time per level.
                   A        B        C        D        E       F      G
               +--------+--------+--------+--------+--------+-----+--------+
         Total |    813 |    773 |     40 |    289 |    248 |   2 |  406.5 |
       Dungeon |    813 |    773 |     40 |    289 |    248 |   2 |  406.5 |
               +--------+--------+--------+--------+--------+-----+--------+

Top non-repeatable levels by time:
     D:1: 788 daAuts
     D:2: 25 daAuts
